Get step-by-step instructions on how to execute this build order below. Start the game timer, and the build order will tick by so you can play in parallel with StarCraft on a second screen or mobile device.

Game Time

  0:00

Last Step

  N/A

Next Step

Upcoming Step



Don't want to look back and forth between 2 screens? Try out our Overwolf App, the Spawning Tool Build Advisor to get an in-game overlay with this build!

Complete Build Order

  12  0:00  Probe  
  13  0:13  Probe  
  14  0:19  Pylon  
  14  0:25  Probe  
  15  0:34  Probe  
  15  0:41  Gateway  
  15  0:42  Probe  
  16  0:48  Assimilator  
  17  0:51  Probe  
  18  0:59  Probe  
  18  1:00  Pylon  
  19  1:21  Probe  
  20  1:28  Zealot  
  20  1:30  Cybernetics Core  
  22  1:40  Gateway  
  22  1:45  Assimilator  
  22  1:49  Zealot  
  24  2:01  Pylon  
  24  2:12  Stalker  
  26  2:24  Warp Gate  
  26  2:27  Stalker  
  28  2:42  Zealot  
  30  2:48  Pylon  
  30  2:51  Adept  
  32  3:09  Zealot  
  34  3:14  Stalker  
  36  3:21  Pylon  
  36  3:36  Stalker  
  39  3:41  Probe  
  39  3:44  Adept  
  41  3:53  Probe  
  42  4:01  Pylon  
  42  4:02  Probe  
  42  4:06  Stalker  
  45  4:10  Probe  
  45  4:11  Zealot  
  45  4:15  Forge  
  48  4:19  Probe  
  49  4:32  Probe  
  50  4:44  Zealot  
  52  5:41  Protoss Ground Weapons Level 1  
  52  6:00  Sentry  
  52  6:02  Gateway  
  52  6:03  Robotics Facility  
  54  6:05  Photon Cannon  
  54  6:07  Pylon  
  54  6:08  Sentry, Nexus  
  54  6:10  Photon Cannon  
  56  6:12  Stargate  
  56  6:16  Stalker  
  58  6:24  Twilight Council  
  58  6:31  Sentry  
  60  6:39  Sentry  
  50  6:51  Observer  
  43  6:54  Stalker  
  43  7:01  Blink  
  45  7:02  Zealot  
  47  7:10  Zealot  
  49  7:17  Stalker  
  51  7:23  Probe  
  51  7:24  Protoss Ground Armor Level 1  
  51  7:25  Stalker  
  51  7:26  Probe  
  51  7:28  Assimilator  
  55  7:33  Zealot  
  55  7:35  Probe  
  58  7:38  Probe  
  58  7:41  Zealot  
  61  7:46  Observer  
  61  7:47  Probe  
  61  7:49  Stalker  
  61  7:51  Probe  
  66  7:57  Pylon  
  66  7:59  Probe  
  66  8:03  Probe  
  66  8:04  Pylon  
  68  8:12  Probe  
  69  8:15  Probe  
  69  8:16  Forge  
  70  8:24  Probe  
  70  8:26  Photon Cannon  
  71  8:27  Probe  
  72  8:36  Probe  
  72  8:37  Photon Cannon  
  72  8:39  Probe  
  74  8:48  Probe  
  75  8:51  Probe  
  76  9:26  Assimilator  
  76  9:45  Probe  
  76  9:46  Probe  
  78  10:04  Void Ray  
  78  10:06  Warp Prism  
  78  10:18  Robotics Facility  
  78  10:20  Stargate  
  84  10:23  Pylon  
  84  10:24  Nexus  
  84  10:29  Fleet Beacon  
  84  10:40  Warp Prism  
  86  10:46  Pylon  
  86  10:47  Void Ray  
  62  11:03  Phoenix  
  60  11:04  Warp Prism  
  60  11:11  Stargate  
  62  11:15  Observer  
  62  11:16  Carrier  
  63  11:20  Oracle  
  72  11:36  Probe  
  72  11:37  Probe x2  
  75  11:48  Assimilator, Probe  
  75  11:49  Probe  
  75  11:50  Assimilator, Probe  
  78  11:55  Stalker  
  78  12:00  Stalker x2, Probe  
  82  12:05  Stalker  
  55  12:17  Carrier  
  55  12:18  Stalker  
  48  12:23  Zealot  
  40  12:37  Stalker, Probe  
  40  12:41  Zealot  
  40  12:44  Stalker  
  43  12:53  Pylon  
  40  12:59  Probe  
  40  13:03  Probe  
  35  13:06  Zealot  
  34  13:13  Zealot  
  27  13:28  Nexus